 Dungeon Crawl Stone Soup version 0.16-a0-3420-gb95a3aa (webtiles) character file.

151 Chiseanne the Covered (level 5, -4/57 HPs)
             Began as a Demonspawn Wanderer on Dec 31, 2014.
             Killed from afar by an orc wizard (14 damage)
             ... with a puff of flame
             ... on level 4 of the Dungeon.
             The game lasted 00:09:48 (2892 turns).

Chiseanne the Covered (Demonspawn Wanderer)         Turns: 2892, Time: 00:09:49

Health: -4/57      AC: 22    Str: 15    XL:     5   Next: 11%
Magic:  7/7        EV:  2    Int: 13    God:
Gold:   139        SH:  0    Dex: 17    Spells: 0 memorised, 6 levels left

rFire  . . .     SeeInvis .     a - +1 falchion (slice)
rCold  . . .     Clarity  .     i - melded +1 scale mail
rNeg   + + +     SustAb   .     (no shield)
rPois  +         Gourm    .     (helmet currently unavailable)
rElec  .         Spirit   .     (cloak currently unavailable)
rCorr  .         Warding  .     (gloves currently unavailable)
rMut   .         NoTele   +     (boots currently unavailable)
MR     .....                    (no amulet)
Stlth  ++........               (no ring)
                                k - +6 ring of dexterity

@: tree-form, slowed, very slow, not resistant to hostile enchantments,
unstealthy
A: (hooves 0), powered by pain 1
a: no special abilities


You were on level 4 of the Dungeon.
You were hungry.
You were a tree.
You visited 1 branch of the dungeon, and saw 4 of its levels.

You collected 139 gold pieces.

Inventory:

Hand weapons
 a - a +1 falchion of slicing (weapon)
Missiles
 e - 21 bolts
 q - 12 sling bullets of frost
 r - 29 poisoned needles
Armour
 i - a +1 scale mail (melded)
Jewellery
 k - a +6 ring of dexterity (left branch)
Magical devices
 t - a wand of magic darts (4)
Scrolls
 c - 3 scrolls of teleportation
 m - 2 scrolls of remove curse
 o - a scroll of amnesia
Potions
 b - a potion of curing
 g - a potion of brilliance {unknown}
 h - a potion of lignification
 j - a potion of might
 l - 2 potions of cancellation
 s - a potion of mutation {unknown}
Comestibles
 d - 4 meat rations
 f - a bread ration
 n - 3 fruits
 p - a beef jerky


   Skills:
 * Level 2.0 Fighting
   Level 1.0 Maces & Flails
 * Level 4.4 Armour
 * Level 1.8 Dodging
 - Level 1.0 Stealth
 - Level 1.0 Spellcasting
   Level 1.7 Charms
 - Level 1.0 Evocations


You had 6 spell levels left.
You didn't know any spells.

Dungeon Overview and Level Annotations

Branches:
Dungeon (4/15)
 Temple: D:4-7

Altars:


Innate Abilities, Weirdness & Mutations

((You have large cloven feet.))
You sometimes gain a little power by taking damage.


Message History

You closely miss the orc wizard.
The orc wizard is severely wounded.
The orc wizard hits you but does no damage.
Something hits you but does no damage.
The orc wizard hits you but does no damage.
Something hits you.
* * * LOW HITPOINT WARNING * * *
The orc wizard gestures at you while chanting.
The magic dart hits you!
* * * LOW HITPOINT WARNING * * *
Something hits you but does no damage.
You hit the orc wizard.
You kill the orc wizard!
Your Fighting skill increases to level 2!
You have reached level 5!
An orc wizard appears from thin air!
Reactivating autopickup.
The orc wizard points at you and mumbles some strange words.
The puff of flame hits you!
You die...

## .# $# #
.##.##.
#.####....$!..
#....♣........
#.....).o...####
###[######### ..
.


You could see an orc wizard.

Vanquished Creatures
  An orc priest (D:3)
  An orc wizard (D:4)
  Ijyb (D:2)
  3 adders (D:2)
  A worm (D:2)
  A giant gecko (D:2)
  An ooze (D:1)
  3 orcs (D:3)
  A giant cockroach (D:1)
  4 hobgoblins
  4 kobolds
  6 bats
  4 giant newts
  8 goblins
  6 rats
45 creatures vanquished.

Notes
Turn   | Place    | Note
--------------------------------------------------------------
     0 | D:1      | Chiseanne, the Demonspawn Wanderer, began the quest for the Orb.
     0 | D:1      | Chiseanne set off with: a +2 mace, a potion of curing, a scroll of teleportation, a +0 robe, a bread ration
     0 | D:1      | Reached XP level 1. HP: 15/15 MP: 2/2
   457 | D:1      | Reached skill level 3 in Armour
   572 | D:1      | Gained mutation: You sometimes gain a little power by taking damage. [demonic ancestry]
   572 | D:1      | Reached XP level 2. HP: 19/21 MP: 3/3
  1324 | D:2      | Noticed Ijyb
  1360 | D:2      | Killed Ijyb
  1360 | D:2      | Reached XP level 3. HP: 16/26 MP: 4/4
  1718 | D:2      | Reached skill level 4 in Armour
  1718 | D:2      | Reached skill level 1 in Dodging
  1718 | D:2      | Gained mutation: You have large cloven feet. [demonic ancestry]
  1718 | D:2      | Reached XP level 4. HP: 32/32 MP: 5/5
  2892 | D:4      | Reached XP level 5. HP: 10/38 MP: 7/7
  2892 | D:4      | Killed from afar by an orc wizard

Action                   |  1- 3 |  4- 6 || total
-------------------------+-------+-------++-------
Melee: Mace              |   123 |    55 ||   178
       Falchion          |       |    33 ||    33
Evoke: Wand              |       |     2 ||     2
  Use: Scroll            |     9 |       ||     9
       Potion            |       |     1 ||     1
  Eat: Chunk             |     2 |     4 ||     6
